 Dungeon Crawl Stone Soup version 0.30.0 (webtiles) character file.

Game seed: 1633119204040484124

3497 bonscott the Fighter (level 10, -2/78 HPs)
             Began as a Djinni Fire Elementalist on Dec 24, 2023.
             Slain by an orc warrior
             ... wielding a +0 long sword
              (8 damage)
             ... on level 8 of the Dungeon on Dec 25, 2023.
             The game lasted 01:14:10 (8331 turns).

bonscott the Fighter (Djinni Fire Elementalist)     Turns: 8331, Time: 01:14:10

Health: -2/78      AC: 11    Str: 17    XL:     10   Next: 28%
Gold:   527        EV: 11    Int: 16    God:
                   SH:  0    Dex: 15

rFire   + + .        b - +0 hand axe of Pukhey {freeze, Will+}
rCold   x . .        (no shield)
rNeg    . . .        C - +0 ring mail
rPois   ∞            z - +1 helmet
rElec   .            M - +0 cloak
rCorr   +            p - +1 pair of gloves
SInv    .            (boots unavailable)
Will    ++...        (no amulet)
Stlth   +            l - +6 ring of strength
HPRegen 0.33/turn    r - ring of resist corrosion
MPRegen 0.00/turn

%: infuse magic (-3 HP)
@: flying
A: sickness immunity, fire resistance 2, cold vulnerability 1, float, innate
caster, HP casting, extra vitality 1
a: no special abilities


You were on level 8 of the Dungeon.
You visited 2 branches of the dungeon, and saw 9 of its levels.

You collected 527 gold pieces.

Inventory:

Hand Weapons
 a - a +1 vampiric war axe
 b - the +0 hand axe of Pukhey (weapon) {freeze, Will+}
   (You found it on level 4 of the Dungeon)

   Will:      It increases your willpower.
 t - a +0 dagger of holy wrath
 A - a +0 dagger of venom
 B - a +0 sling
 D - a +3 shortbow of freezing
 K - a +1 flail of draining
 L - a +3 quarterstaff of chaos
 R - a +3 dagger of venom
 S - a +5 short sword
 U - a +0 club
 V - a +0 short sword of protection
Missiles
 d - 41 poisoned darts
 F - 82 stones
 W - a curare-tipped dart
Armour
 p - a +1 pair of gloves (worn)
 s - a +0 leather armour
 z - a +1 helmet (worn)
 C - a +0 ring mail (worn)
 M - a +0 cloak (worn)
Jewellery
 e - an amulet of faith
 l - a +6 ring of strength (left hand)
 r - a ring of resist corrosion (right hand)
 u - a ring of protection from fire
 G - a ring of fire
Wands
 T - a wand of quicksilver (15)
 Y - a wand of polymorph (10)
 Z - a wand of flame (26)
Scrolls
 c - 4 scrolls of fog
 f - 2 scrolls of blinking
 g - 2 scrolls of enchant armour
 k - a scroll of torment {unknown}
 n - a scroll of fear {unknown}
 q - a scroll of amnesia {unknown}
 w - 2 scrolls of teleportation
 y - a scroll of silence {unknown}
 E - a scroll of poison {unknown}
 J - a scroll of vulnerability {unknown}
 Q - a scroll of acquirement {unknown}
 X - a scroll of magic mapping {unknown}
Potions
 h - 2 potions of haste
 i - 3 potions of curing
 j - 4 potions of mutation
 m - 5 potions of attraction
 o - a potion of resistance {unknown}
 v - a potion of berserk rage {unknown}
 x - 2 potions of might
 H - a potion of invisibility {unknown}
 I - a potion of lignification {unknown}
 N - a potion of magic {unknown}
 O - a potion of brilliance {unknown}


   Skills:
 + Level 9.4 Fighting
 - Level 4.0 Armour
 - Level 2.3 Dodging
 - Level 1.8 Stealth
 + Level 7.7 Spellcasting


You knew the following spells:

 Your Spells              Type           Power      Damage    Failure   Level
a - Foxfire               Conj/Fire      100%       2x1d9     1%          1
b - Scorch                Fire           60%        2d8       1%          2
c - Volatile Blastmotes   Fire/Tloc      60%        2d15      2%          3
d - Inner Flame           Hex/Fire       30%        N/A       2%          3
e - Flame Wave            Conj/Fire      30%        2d9       9%          4
f - Summon Small Mammal   Summ           100%       N/A       1%          1
g - Call Canine Familiar  Summ           30%        N/A       2%          3
h - Mephitic Cloud        Conj/Pois/Air  30%        N/A       2%          3
p - Passwall              Tmut/Erth      25%        N/A       1%          2
Your spell library was empty.

Dungeon Overview and Level Annotations

Branches:
Dungeon (8/15)             Temple (1/1) D:5
   Lair: D:8-11

Altars:
Ashenzari
Cheibriados
Dithmenos
Elyvilon
Fedhas
Gozag
Hepliaklqana
Nemelex Xobeh
Okawaru
Qazlal
Ru
Trog
Uskayaw
Wu Jian
Xom
Yredelemnul
The Shining One

Annotations:
D:8 1 runed translucent door


Innate Abilities, Weirdness & Mutations

You are immune to sickness and miasma.
You are immune to poison.
Your flesh is very heat resistant. (rF++)
You are vulnerable to cold. (rC-)
You float through the air rather than walking.
You learn spells naturally, not from books.
Your magical power is your life essence.
You have superior vitality. (+4 MHP)


Message History

The hornet closely misses you.
Casting: Scorch (safe; 1% risk of failure)
Confirm with . or Enter, or press ? or * to list all spells.
Flames lash the hornet.
The hornet is burned terribly!
The hornet is severely wounded.
The hornet misses you.
The hornet stings you but does no damage.
Casting: Scorch (safe; 1% risk of failure)
Confirm with . or Enter, or press ? or * to list all spells.
Flames lash the hornet.
The hornet is burned terribly!
The hornet is almost dead.
The hornet closely misses you.
Casting: Scorch (safe; 1% risk of failure)
Confirm with . or Enter, or press ? or * to list all spells.
Flames lash the orc warrior.
The orc warrior is burned terribly!
The orc warrior is almost dead.
The hornet stings you!
* * * LOW HITPOINT WARNING * * *
The hornet barely misses you.
Casting: Scorch (safe; 1% risk of failure)
Confirm with . or Enter, or press ? or * to list all spells.
Flames lash the white imp.
The white imp is burned terribly!
The white imp is almost dead.
The white imp's fire resistance burns away.
* * * LOW HITPOINT WARNING * * *
The hornet stings you but does no damage.
Casting: Scorch (safe; 1% risk of failure)
Confirm with . or Enter, or press ? or * to list all spells.
Flames lash the hornet.
The hornet is burned terribly!
You kill the hornet!
* * * LOW HITPOINT WARNING * * *
Unknown command.
The orc warrior closely misses you.
The orc warrior hits you but does no damage.
The orc warrior attacks as you move away!
The orc warrior hits you with a +0 long sword.
* * * LOW HITPOINT WARNING * * *
The orc warrior attacks as you move away!
The orc warrior hits you with a +0 long sword!
You die...

..##o#.......#....######...
#.#.##.##......####......##).
#. .##..y#......######.##.....
..
..##5#.##................... #
.
..##.....#.....###.........##
#
.#.####.####.................#
## #.....!.#....##...........#
.#
###.....###...##...........#
.##
#.#.#.#)#.#@#####.........##
..# #...#.#..5#o# ##...#...##
..#+#+#########'.# #########
.................#
...########....### #### ##...#
#...# #####


You could see an orc warrior (combustible).

Vanquished Creatures
  Joseph (D:7)
  A hornet (D:8)
  Sigmund (D:2)
  2 wyverns (D:8)
  A water moccasin (D:7)
  2 ice beasts
  A sky beast (D:8)
  A black bear (D:5)
  2 ogres
  A centaur (D:7)
  2 phantoms (D:6)
  3 kobold brigands
  2 bullfrogs
  3 scorpions
  6 wights
  A jelly (D:4)
  An orc priest (D:5)
  A sleepcap (D:4)
  Crazy Yiuf (D:6)
  Jessica (D:3)
  Terence (D:3)
  2 iguanas
  Natasha (thrice) (D:2)
  An orc wizard (D:5)
  A mummy (D:4)
  Robin (D:4)
  5 gnolls
  9 adders
  2 white imps (D:6)
  An ufetubus (D:5)
  2 worms (D:2)
  4 dart slugs
  22 orcs
  5 bats
  4 endoplasms
  2 giant cockroaches
  9 hobgoblins
  11 jackals
  2 quokkas
  7 ball pythons
  2 frilled lizards (D:2)
  15 goblins
  A goblin skeleton (D:8)
  A hobgoblin zombie (D:4)
  21 kobolds
  2 kobold zombies
  2 orc zombies (D:4)
  6 rats
178 creatures vanquished.

Vanquished Creatures (collateral kills)
  Edmund (D:6)
  A jelly (D:7)
  An iguana (D:6)
  2 gnolls (D:7)
  An orc (D:6)
6 creatures vanquished.

Vanquished Creatures (others)
  410 foxfires
410 creatures vanquished.

Grand Total: 594 creatures vanquished

Notes
Turn   | Place    | Note
-------+----------+-------------------------------------------
     0 | D:1      | bonscott the Djinni Fire Elementalist began the quest for
                  | the Orb.
     0 | D:1      | bonscott set off with the following spells memorised:
                  | Foxfire, Scorch, Volatile Blastmotes, Inner Flame, Flame
                  | Wave.
     0 | D:1      | Reached XP level 1. HP: 15/15 MP: 0/0
   308 | D:1      | Reached XP level 2. HP: 19/21 MP: 0/0
   362 | D:2      | Reached skill level 1 in Fighting
   478 | D:2      | Reached XP level 3. HP: 27/27 MP: 0/0
   478 | D:2      | Learned a level 1 spell: Summon Small Mammal
   806 | D:2      | Reached XP level 4. HP: 26/33 MP: 0/0
  1024 | D:3      | Found a white marble altar of Elyvilon.
  1027 | D:3      | Found a snail-covered altar of Cheibriados.
  1031 | D:3      | Found an ornate altar of the Wu Jian Council.
  1034 | D:3      | Found a hazy altar of Hepliaklqana.
  1034 | D:3      | Found a shadowy altar of Dithmenos.
  1036 | D:3      | Found a hide-covered altar of Uskayaw.
  1099 | D:3      | Reached skill level 2 in Fighting
  1135 | D:3      | Noticed Jessica
  1140 | D:3      | Killed Jessica
  1328 | D:3      | Noticed Terence
  1336 | D:3      | Killed Terence
  1337 | D:3      | Reached XP level 5. HP: 29/40 MP: 0/0
  1337 | D:3      | Learned a level 2 spell: Passwall
  1746 | D:2      | Reached skill level 3 in Fighting
  1748 | D:2      | Noticed Sigmund
  2133 | D:4      | Reached XP level 6. HP: 45/46 MP: 0/0
  2235 | D:4      | Noticed Robin
  2242 | D:4      | Killed Robin
  2420 | D:4      | Identified the +0 hand axe of Pukhey {freeze, Will+}
  2869 | D:2      | Noticed Natasha
  2877 | D:2      | Killed Natasha
  2878 | D:2      | Reached skill level 1 in Armour
  3078 | D:2      | Killed Sigmund
  3079 | D:2      | Reached skill level 4 in Fighting
  3079 | D:2      | Reached XP level 7. HP: 29/52 MP: 0/0
  3079 | D:2      | Learned a level 3 spell: Call Canine Familiar
  3166 | D:2      | Noticed Natasha
  3182 | D:2      | Killed Natasha
  3318 | D:2      | Noticed Natasha
  3342 | D:2      | Killed Natasha
  3656 | D:1      | You are sucked into a shaft and drop 1 floor!
  3908 | D:5      | Entered Level 5 of the Dungeon
  4397 | D:5      | Reached skill level 5 in Fighting
  4397 | D:5      | Reached XP level 8. HP: 53/59 MP: 0/0
  5031 | D:5      | Found a staircase to the Ecumenical Temple.
  5046 | Temple   | Entered the Ecumenical Temple
  5335 | D:6      | Noticed Edmund
  5352 | D:6      | Killed Edmund
  5353 | D:6      | Reached skill level 5 in Spellcasting
  5603 | D:6      | Found a runed translucent door.
  5604 | D:6      | Noticed Crazy Yiuf
  5611 | D:6      | Killed Crazy Yiuf
  5655 | D:6      | Reached skill level 6 in Fighting
  5834 | D:6      | Reached XP level 9. HP: 59/67 MP: 0/0
  5834 | D:6      | Learned a level 3 spell: Mephitic Cloud
  6178 | D:7      | Found a sparkling altar of Nemelex Xobeh.
  6178 | D:7      | Found an opulent altar of Gozag.
  6279 | D:7      | Found an iron altar of Okawaru.
  6615 | D:7      | Reached skill level 7 in Fighting
  6705 | D:7      | Noticed Joseph
  6773 | D:7      | Killed Joseph
  6972 | D:7      | Found a sacrificial altar of Ru.
  7133 | D:8      | Found a runed translucent door.
  7173 | D:8      | Reached skill level 8 in Fighting
  7683 | D:8      | Reached XP level 10. HP: 69/77 MP: 0/0
  7773 | D:8      | Found a basalt altar of Yredelemnul.
  8103 | D:8      | Found a glowing golden altar of the Shining One.
  8159 | D:8      | Reached skill level 9 in Fighting
  8331 | D:8      | Slain by an orc warrior

Illustrated notes

Levels and vault maps discovered:
D:1:      dpeg_arrival_rooms_c, layout_basic
D:2:      layout_basic, uniq_natasha, uniq_sigmund
D:3:      layout_basic, minitemple, nicolae_elevator_lobby_asterisk,
          uniq_terence, uniq_jessica
D:4:      layout_layer_cave, minmay_mini_ossuary, uniq_robin
D:5:      layout_loops_ring, minmay_temple_entry_fiery, chequers_jeans,
          serial_bayou_pond_e
D:6:      layout_cave_pools, kennysheep_doodads, minmay_misc_feat_room,
          grunt_ministairs_8, hangedman_abyss_or_decor_passed,
          uniq_crazy_yiuf_cottage, uniq_edmund
D:7:      layout_loops_corners, grunt_temple_overflow_opulence,
          mainiacjoe_overflow_paths, mainiacjoe_overflow_alcove_4,
          minmay_misc_feat_plants, corner_web_ring, uniq_joseph
D:8:      minmay_the_grid_triangle_9x9_rhombus_thin
          [minmay_the_grid_triangle_9x9_semitri,
          minmay_the_grid_triangle_9x9_prize_special,
          minmay_the_grid_triangle_9x9_alien,
          minmay_the_grid_triangle_9x9_zippers_horizontal], layout_rooms,
          dk_yredelemnul_ordeal, tso_altar
Temple:   nicolae_temple_ecumenical_triangle

Skill      XL: |  1  2  3  4  5  6  7  8  9 10 |
---------------+-------------------------------+-----
Fighting       | 1 2 3 4 5 6 8 9 |  9.4
Spellcasting   | 3 4 5 7 |  7.7
Armour         | 2 3 4 |  4.0
Dodging        | |  2.3
Stealth        | |  1.8

Action                     |  1- 3 |  4- 6 |  7- 9 | 10-12 || total
---------------------------+-------+-------+-------+-------++-------
  Melee: Hand axe          |       |       |     3 |       ||     3
   Fire: Sling             |       |     2 |       |       ||     2
   Cast: Foxfire           |    50 |    94 |   107 |     3 ||   254
         Scorch            |     3 |    19 |    80 |    17 ||   119
         Volatile Blastmot |       |     7 |    40 |    19 ||    66
         Call Canine Famil |       |       |    12 |       ||    12
         Summon Small Mamm |       |       |     4 |       ||     4
         Passwall          |       |       |     1 |     1 ||     2
         Flame Wave        |       |       |     1 |       ||     1
    Use: Scroll            |       |     3 |     8 |     1 ||    12
         Potion            |       |       |     2 |       ||     2
 Armour: Robe              |     3 |     3 |     7 |       ||    13
         Leather armour    |       |       |     1 |       ||     1
         Ring mail         |       |       |    27 |    14 ||    41
  Dodge: Dodged            |     4 |    14 |    48 |    12 ||    78
